 Dungeon Crawl Stone Soup version 0.27-a0-242-ge0fc76b88b (webtiles) character file.

Game seed: 4701947223989229411

55 Borgoz the Slasher (level 3, 0/30 HPs)
             Began as a Ghoul Gladiator on Feb 3, 2021.
             Killed by divine providence
             ... invoked by an orc priest
              (12 damage)
             ... on level 2 of the Dungeon.
             The game lasted 00:01:35 (856 turns).

Borgoz the Slasher (Ghoul Gladiator)                 Turns: 856, Time: 00:01:35

Health: 0/30       AC:  5    Str: 17    XL:     3   Next: 93%
Magic:  2/2        EV: 12    Int:  3    God:
Gold:   64         SH:  0    Dex: 11    Spells: 2/2 levels left

rFire    . . .     SeeInvis .   a - +0 long sword
rCold    + . .     Faith    .   (no shield)
rNeg     + + +     Spirit   .   b - +0 leather armour
rPois    ∞         Reflect  .   c - +0 helmet
rElec    .         Harm     .   i - +0 cloak (curse)
rCorr    .         Rampage  .   (no gloves)
Will     .....                  (no boots)
Stlth    +.........             (no amulet)
HPRegen  0.00/turn              (no ring)
MPRegen  0.08/turn              (no ring)

@: no status effects
A: claws 1, cold resistance 1, negative energy resistance 3, inhibited
regeneration, torment resistance, unbreathing
a: no special abilities


You were on level 2 of the Dungeon.
You visited 1 branch of the dungeon, and saw 2 of its levels.

You collected 64 gold pieces.

Inventory:

Hand Weapons
 a - a +0 long sword (weapon)
Missiles
 d - 3 throwing nets (quivered)
Armour
 b - a +0 leather armour (worn)
 c - a +0 helmet (worn)
 i - a cursed +0 cloak (worn)
Scrolls
 g - 2 scrolls of identify {unknown}
 h - 2 scrolls of remove curse {unknown}
 j - a scroll of fog {unknown}
 k - a scroll of immolation {unknown}
Potions
 e - a potion of ambrosia {unknown}
 f - a potion of heal wounds {unknown}
 m - a potion of attraction {unknown}
 n - a potion of berserk rage {unknown}


   Skills:
 + Level 2.8 Fighting
 * Level 3.3 Long Blades
 - Level 1.7 Throwing
 * Level 1.1 Armour
 + Level 3.0 Dodging
 + Level 0.1 Shields


You had 2 spell levels left.
You didn't know any spells.
Your spell library was empty.

Dungeon Overview and Level Annotations

Branches:
Dungeon (2/15)

Altars:


Innate Abilities, Weirdness & Mutations

You thrive by killing the living.
You are immune to poison.
You have sharp fingernails.
Your flesh is cold resistant. (rC+)
You are immune to negative energy. (rN+++)
You do not regenerate when monsters are visible.
You are immune to unholy pain and torment.
You can survive without breathing.


Message History

The rat bites you but does no damage. The orc barely misses you.
You riposte.
You slash the orc!
You kill the orc!
The orc priest hits you but does no damage.
The rat bites you but does no damage.
You hit the orc priest.
The orc priest is moderately wounded.
The rat bites you but does no damage.
The orc priest hits you but does no damage.
You hit the orc priest.
The orc priest is heavily wounded.
The rat bites you. The orc priest barely misses you.
You riposte.
You slash the orc priest!
The orc priest is almost dead.
You barely miss the orc priest.
The orc priest is almost dead.
The rat barely misses you.
The orc priest calls down the wrath of Beogh upon you.
Beogh smites you!
You die...

#.#.......####.......
#†#..........#.......
#.#......###.#.......
####.#......###.#.......
............'...#.......
####.#......#####.......
#.#..................
#.##.....####.r....=!
#.##.....# #@o......
#.######## #)†.##### #.#
#...# .# #...# #...#
#...# #####


You could see an orc priest and a rat.

Vanquished Creatures
  A hound (D:2)
  A dart slug (D:2)
  2 orcs (D:2)
  3 ball pythons (D:1)
  3 bats
  3 hobgoblins
  2 frilled lizards
  A goblin (D:1)
  3 kobolds
  3 rats
22 creatures vanquished.

Vanquished Creatures (others)
  5 toadstools (D:1)
5 creatures vanquished.

Grand Total: 27 creatures vanquished

Notes
Turn   | Place    | Note
-------+----------+-------------------------------------------
     0 | D:1      | Borgoz the Ghoul Gladiator began the quest for the Orb.
     0 | D:1      | Reached XP level 1. HP: 17/17 MP: 0/0
   371 | D:1      | Reached XP level 2. HP: 25/25 MP: 1/1
   779 | D:2      | Reached skill level 1 in Armour
   779 | D:2      | Reached XP level 3. HP: 28/30 MP: 2/2
   856 | D:2      | Killed from afar by an orc priest

Illustrated notes

Levels and vault maps discovered:
D:1:      ldierk_walled_garden, layout_loops_ring
D:2:      layout_basic, old_standard_altar,
          wander_ebering_terrifying_dragon_lair

Skill      XL: |  1  2 |
---------------+-------+-----
Long Blades    | 3 |  3.3
Armour         | 1 |  1.1
Dodging        | 3 |  3.0
Fighting       | |  2.8
Throwing       | |  1.7
Shields        | |  0.1

Action                   || total
-------------------------++-------
Melee: Long sword        ||    62
Throw: Throwing net      ||     1
  Use: Potion            ||     2
 Stab: Sleeping          ||     1
Armor: Leather armour    ||    30
Dodge: Dodged            ||    73
       Rpst.: Long sword ||    23

Table legend: (Time is in decaauts)
 A = Elapsed time spent in this place.
 B = Non-inter-level travel time spent in this place.
 C = Inter-level travel time spent in this place.
 D = Time resting spent in this place.
 E = Time spent auto-exploring this place.
 F = Levels seen in this place.
 G = Mean time per level.
                   A        B        C        D        E       F      G
               +--------+--------+--------+--------+--------+-----+--------+
         Total |    872 |    850 |     22 |      7 |    674 |   2 |  436.0 |
       Dungeon |    872 |    850 |     22 |      7 |    674 |   2 |  436.0 |
               +--------+--------+--------+--------+--------+-----+--------+

Top non-repeatable levels by time:
     D:1: 740 daAuts
     D:2: 132 daAuts
